 Dungeon Crawl Stone Soup version 0.30.1-4-g462c640d31 (webtiles) character file.

Game seed: 2954207159250434246

238 GeoRichter the Sneak (level 5, -2/31 HPs)
             Began as a Vampire Enchanter on Aug 30, 2023.
             Killed from afar by an orc wizard (7 damage)
             ... with a puff of flame
             ... on level 4 of the Dungeon.
             The game lasted 00:06:50 (2598 turns).

GeoRichter the Sneak (Vampire Enchanter)            Turns: 2598, Time: 00:06:51

Health: -2/31      AC:  3    Str:  7    XL:     5   Next: 78%
Magic:  5/8        EV: 12    Int: 17    God:
Gold:   147        SH:  0    Dex: 17    Spells: 0/8 levels left

rFire   . . .        a - +1 dagger
rCold   . . .        (no shield)
rNeg    . . .        b - +0 robe
rPois   .            (no helmet)
rElec   .            n - +0 cloak
rCorr   +            (no gloves)
SInv    +            (no boots)
Will    .....        p - amulet of regeneration
Stlth   +++          q - ring of resist corrosion
HPRegen 1.25/turn    (no ring)
MPRegen 0.11/turn

%: no passive effects
@: confusing by touch, about to teleport, healing quickly
A: alive, fangs 3, see invisible, vampiric 2, [frail 1]
a: Exsanguinate


You were on level 4 of the Dungeon.
You visited 1 branch of the dungeon, and saw 4 of its levels.

You collected 147 gold pieces.

Inventory:

Hand Weapons
 a - a +1 dagger (weapon)
Missiles
 c - 6 poisoned darts
Armour
 b - a +0 robe (worn)
 n - a +0 cloak (worn)
   (You found it on level 2 of the Dungeon)
Jewellery
 p - an amulet of regeneration (around neck)
   (You found it on level 3 of the Dungeon)
 q - a ring of resist corrosion (left hand)
   (You found it on level 3 of the Dungeon)
Wands
 r - a wand of flame (19)
   (You took it off Ijyb on level 3 of the Dungeon)
Scrolls
 e - a scroll of noise {unknown}
 k - a scroll of blinking {unknown}
 l - a scroll of amnesia
 m - 2 scrolls of teleportation {@r4}
Potions
 d - a potion of curing {unknown}
 f - a potion of heal wounds {unknown}
 g - 2 potions of might {unknown}
 h - 2 potions of flight {unknown}
 i - a potion of mutation {unknown}
 j - 2 potions of berserk rage {unknown}
 o - a potion of resistance {unknown}


   Skills:
 * Level 4.5 Short Blades
 - Level 2.1 Dodging
 + Level 6.3 Stealth
 - Level 2.0 Spellcasting
 + Level 6.0 Hexes


You couldn't memorise any spells.
You knew the following spells:

 Your Spells              Type           Power      Damage    Failure   Level
a - Ensorcelled Hibernat  Hex/Ice        22%        N/A       9%          2
b - Confusing Touch       Hex            22%        N/A       4%          3
c - Tukima's Dance        Hex            22%        N/A       4%          3

Your spell library contained the following spells:

 Spells                   Type           Power      Damage    Failure   Level
 Dazzling Flash           Conj/Hex       22%        N/A       17%         3
 Portal Projectile        Hex/Tloc       22%        N/A       17%         3
 Scorch                   Fire           2%         2d5       28%         2
 Flame Wave               Conj/Fire      1%         2d4       88%         4
 Blade Hands              Tmut           0%         N/A       99%         5
 Summon Cactus Giant      Summ           0%         N/A       100%        6


Dungeon Overview and Level Annotations

Branches:
Dungeon (4/15) Zot: 21433
 Temple: D:4-7

Altars:
Kikubaaqudgha

Shops:
D:4 !


Innate Abilities, Weirdness & Mutations

Your natural rate of healing is accelerated.
You have razor-sharp teeth.
You have supernaturally acute eyesight. (SInv)
You are afflicted with vampirism and can become a bat while bloodless.
[You are frail. (-10% HP)]


Message History

The orc wizard points at you and mumbles some strange words.
The magic dart hits you.
There is an open door here.
You hit the orc.
The orc is moderately wounded.
You hit the orc. Your bite misses the orc.
The orc is severely wounded.
The orc barely misses you.
You hit the orc.
You kill the orc!
You hit the orc but do no damage. You hit the orc but do no damage.
You hit the orc but do no damage. The orc wizard casts a spell at you.
The puff of flame hits you! The orc hits you with a +0 club.
You hit the orc but do no damage. The orc hits you but does no damage.
You hit the orc. You bite the orc, but do no damage.
The orc is severely wounded.
The orc wizard hits you but does no damage.
The orc hits you but does no damage.
You barely miss the orc wizard.
The orc wizard hits you with a +0 dagger.
The orc hits you with a +0 club.
You hit the orc but do no damage. You bite the orc.
The orc is almost dead.
You hit the orc but do no damage. You bite the orc, but do no damage.
The orc is almost dead.
The orc wizard points at you and mumbles some strange words.
The magic dart hits you!
* * * LOW HITPOINT WARNING * * *
The orc barely misses you.
You closely miss the orc.
The orc is almost dead.
You closely miss the orc wizard. You bite the orc wizard.
The orc wizard is lightly wounded.
The orc hits you with a +0 club.
* * * LOW HITPOINT WARNING * * *
Casting: Ensorcelled Hibernation (safe; 9% risk of failure)
Confirm with . or Enter, or press ? or * to list all spells.
Your hands begin to glow red.
The orc wizard casts a spell at you. The magic dart hits you!
* * * LOW HITPOINT WARNING * * *
The orc misses you.
Unknown command.
As you read the scroll of teleportation {@r4}, it crumbles to dust.
You feel strangely unstable. The orc wizard casts a spell at you.
The puff of flame hits you!
You die...

#......+ ..~≈ #......#
.....
#......###+#########...#
#................:....#
................#
................#
#........o..o...#
#.......#o##....#########
'.......#@o######...##..#
#.......'..#............#
........#####...........#
.####.......#...........#
#.......#...........#
+.......#...........#
#.......##+###..##..#
#####'##.....#..#####
#......#.....#......#


You could see an orc wizard and 2 orcs.

Vanquished Creatures
  2 howler monkeys (D:4)
  Ijyb (D:3)
  5 adders
  5 dart slugs
  2 worms (D:2)
  8 orcs
  5 ball pythons
  4 endoplasms (D:2)
  3 giant cockroaches
  8 hobgoblins
  4 jackals (D:3)
  2 quokkas
  3 bats
  2 frilled lizards (D:1)
  4 goblins
  5 kobolds
  4 rats
67 creatures vanquished.

Notes
Turn   | Place    | Note
-------+----------+-------------------------------------------
     0 | D:1      | GeoRichter the Vampire Enchanter began the quest for the
                  | Orb.
     0 | D:1      | Reached XP level 1. HP: 13/13 MP: 3/3
   238 | D:1      | Reached XP level 2. HP: 17/17 MP: 5/5
   586 | D:1      | Learned a level 2 spell: Ensorcelled Hibernation
   867 | D:2      | Reached skill level 5 in Stealth
   867 | D:2      | Gained mutation: You are afflicted with vampirism and can
                  | become a bat while bloodless. [Vampire growth]
   867 | D:2      | Reached XP level 3. HP: 21/21 MP: 6/6
  1072 | D:2      | Reached skill level 5 in Hexes
  1219 | D:2      | Learned a level 3 spell: Confusing Touch
  1519 | D:2      | Reached XP level 4. HP: 17/24 MP: 7/7
  1855 | D:3      | Noticed Ijyb
  2068 | D:3      | Killed Ijyb
  2069 | D:3      | Reached XP level 5. HP: 29/31 MP: 6/8
  2389 | D:4      | Found an ancient bone altar of Kikubaaqudgha.
  2497 | D:3      | Learned a level 3 spell: Tukima's Dance
  2578 | D:4      | Found Zemu's Distillery.
  2598 | D:4      | Killed from afar by an orc wizard

Illustrated notes

Levels and vault maps discovered:
D:1:      lightli_arrival_lavapool, layout_loops_ring,
          nicolae_figureground_pulse
D:2:      layout_loops_ring
D:3:      layout_basic, uniq_ijyb
D:4:      layout_gridville, mainiacjoe_overflow_small_starburst, serial_shops,
          nicolae_shop_industrial_runoff, serial_bayou_lagoon_a,
          roderic_filled_cross, patterned_corridor

Skill      XL: |  1  2  3  4  5 |
---------------+----------------+-----
Short Blades   | 2 3 4 |  4.5
Stealth        | 5 6 |  6.3
Hexes          | 5 6 |  6.0
Dodging        | |  2.1
Spellcasting   | |  2.0

Action                     |  1- 3 |  4- 6 || total
---------------------------+-------+-------++-------
  Melee: Dagger            |    85 |   119 ||   204
         Bite              |    11 |    13 ||    24
   Cast: Ensorcelled Hiber |     2 |     6 ||     8
         Confusing Touch   |       |     2 ||     2
Ability: Exsanguinate      |     2 |       ||     2
         Revivify          |     1 |     1 ||     2
    Use: Potion            |     1 |     1 ||     2
         Scroll            |       |     3 ||     3
   Stab: Sleeping          |    17 |    16 ||    33
         Invisible         |     1 |     4 ||     5
 Armour: Robe              |    12 |    14 ||    26
  Dodge: Dodged            |    31 |    61 ||    92
